 Dungeon Crawl Stone Soup version 0.30-a0-779-g7971cf19c3 (webtiles) character file.

Game seed: 4867494877378231097

58 cheesebisquit the Vexing (level 4, 34/34 HPs)
             Began as a Gnoll Hexslinger on Feb 17, 2023.
             Quit the game on level 3 of the Dungeon.
             The game lasted 00:04:52 (1623 turns).

cheesebisquit the Vexing (Gnoll Hexslinger)         Turns: 1623, Time: 00:04:53

Health: 34/34      AC:  8    Str:  9    XL:     4   Next: 2%
Magic:  8/8        EV:  4    Int: 13    God:
Gold:   210        SH:  4    Dex: 14    Spells: 7/8 levels left

rFire   . . .      SeeInvis .    a - +1 sling
rCold   . . .      Faith    .    g - +0 buckler
rNeg    . . .      Spirit   .    i - +0 chain mail
rPois   .          Reflect  .    (no helmet)
rElec   .          Harm     .    (no cloak)
rCorr   .          Rampage  .    (no gloves)
Will    .....                    (no boots) Stlth
                                 (no amulet)
HPRegen 0.25/turn                (no ring)
MPRegen 0.11/turn                (no ring)

@: no status effects
A: fangs 1, strong nose, distributed training
a: no special abilities


You were on level 3 of the Dungeon.
You visited 1 branch of the dungeon, and saw 3 of its levels.

You collected 210 gold pieces.

Inventory:

Hand Weapons
 a - a +1 sling (weapon)
Armour
 c - a +0 robe
 g - a +0 buckler (worn)
 i - a +0 chain mail (worn)
Jewellery
 h - a ring of resist corrosion
Scrolls
 b - a scroll of poison
 e - 9 scrolls of identify {unknown}
 l - 2 scrolls of fear {unknown}
 m - a scroll of teleportation {unknown}
 n - a scroll of magic mapping {unknown}
Potions
 d - 2 potions of flight {unknown}
 f - a potion of heal wounds {unknown}
 j - a potion of curing {unknown}
 k - 2 potions of mutation {unknown}
 o - 2 potions of invisibility {unknown}


   Skills:
 + Level 2.7 Fighting
 + Level 1.0 Short Blades
 + Level 1.0 Long Blades
 + Level 1.0 Axes
 + Level 1.0 Maces & Flails
 + Level 1.0 Polearms
 + Level 1.0 Staves
 + Level 4.6 Ranged Weapons
 + Level 1.0 Throwing
 + Level 1.0 Armour
 + Level 4.6 Dodging
 + Level 1.0 Stealth
 + Level 1.0 Shields
 + Level 1.0 Unarmed Combat
 + Level 2.9 Spellcasting
 + Level 0.8 Conjurations
 + Level 5.4 Hexes
 + Level 0.8 Summonings
 + Level 0.8 Necromancy
 + Level 0.8 Translocations
 + Level 0.8 Transmutations
 + Level 0.8 Fire Magic
 + Level 0.8 Ice Magic
 + Level 0.8 Air Magic
 + Level 0.8 Earth Magic
 + Level 0.8 Poison Magic
 + Level 1.1 Invocations
 + Level 1.0 Evocations


You had 7 spell levels left.
You knew the following spells:

 Your Spells              Type           Power      Damage    Failure   Level
a - Slow                  Hex            64%        N/A       98%         1

Your spell library contained the following spells:

 Spells                   Type           Power      Damage    Failure   Level
 Inner Flame              Hex/Fire       10%        N/A       100%        3
 Portal Projectile        Hex/Tloc       20%        N/A       100%        3
 Cause Fear               Hex            8%         N/A       100%        4
 Flame Wave               Conj/Fire      4%         2d5       100%        4
 Sticky Flame             Conj/Fire      4%         2d3       100%        4


Dungeon Overview and Level Annotations

Branches:
Dungeon (3/15)

Altars:
Elyvilon
Zin
The Shining One

Shops:
D:3 ?


Innate Abilities, Weirdness & Mutations

You have very sharp teeth.
Your uncanny sense of smell can sniff out nearby items.
Your experience applies equally to all skills.


Message History

No target in view!
No target in view!
A bat and a hobgoblin come into view.
The hobgoblin shouts!
You shoot a sling bullet. The sling bullet hits the bat.
You kill the bat!
You have reached level 4!
You feel clever.
A hobgoblin is nearby!
You shoot a sling bullet. The sling bullet hits the hobgoblin.
The hobgoblin is severely wounded.
You shoot a sling bullet.
The sling bullet closely misses the hobgoblin.
You shoot a sling bullet. The sling bullet hits the hobgoblin.
You kill the hobgoblin!
No target in view!
No target in view!
No target in view!
No target in view!
No target in view!
No target in view!
No target in view!
No target in view!
No target in view!
You now have 143 gold pieces (gained 6).
You see here a hobgoblin corpse.
Found a stone staircase leading down.
You now have 149 gold pieces (gained 6).
k - 2 fizzy dark potions (gained 1)
Found a ring mail.
You now have 166 gold pieces (gained 17).
Found Vaisuk's Magic Scroll Shop.
You now have 174 gold pieces (gained 8).
You now have 181 gold pieces (gained 7).
You now have 186 gold pieces (gained 5).
You now have 198 gold pieces (gained 12).
You now have 210 gold pieces (gained 12).
There is an entrance to Vaisuk's Magic Scroll Shop here.
Unknown command.
Are you sure you want to abandon this character and quit the game? (Confirm with "yes".)

##.......#
#...........#........
#########
####.....)#.#...###..
#......#.#.#...#..
#######......#.#........
.............#.#####...#
.............#.# ##..##
...............# ##..##.
......$......#####..##
......$@.#.........##
......$..#..#####.######
........##..#...........
.......## .#.#####.#.#.
....... #.#.#. .......
#.#.#. ....... #.#.#.
....... #.#.#. #######
..#.#.


There were no monsters in sight!

Vanquished Creatures
  An adder (D:3)
  A worm (D:2)
  A dart slug (D:2)
  An orc (D:3)
  2 endoplasms (D:1)
  A giant cockroach (D:2)
  5 goblins
  7 hobgoblins
  4 jackals (D:1)
  4 kobolds
  2 quokkas
  2 ball pythons (D:1)
  5 bats
  2 frilled lizards (D:1)
  2 rats (D:1)
40 creatures vanquished.

Notes
Turn   | Place    | Note
-------+----------+-------------------------------------------
     0 | D:1      | cheesebisquit the Gnoll Hexslinger began the quest for the
                  | Orb.
     0 | D:1      | Reached XP level 1. HP: 17/17 MP: 4/4
   107 | D:1      | Reached XP level 2. HP: 22/23 MP: 5/5
   249 | D:1      | Found a faded altar of an unknown god.
   401 | D:1      | Reached XP level 3. HP: 27/28 MP: 7/7
  1005 | D:2      | Reached skill level 1 in Invocations
  1406 | D:3      | Reached skill level 1 in Short Blades
  1406 | D:3      | Reached skill level 1 in Long Blades
  1406 | D:3      | Reached skill level 1 in Axes
  1406 | D:3      | Reached skill level 1 in Maces & Flails
  1406 | D:3      | Reached skill level 1 in Polearms
  1406 | D:3      | Reached skill level 1 in Staves
  1406 | D:3      | Reached skill level 1 in Throwing
  1406 | D:3      | Reached skill level 1 in Armour
  1406 | D:3      | Reached skill level 1 in Stealth
  1406 | D:3      | Reached skill level 1 in Shields
  1406 | D:3      | Reached skill level 1 in Unarmed Combat
  1406 | D:3      | Reached skill level 1 in Evocations
  1516 | D:3      | Found a glowing silver altar of Zin.
  1517 | D:3      | Found a glowing golden altar of the Shining One.
  1517 | D:3      | Found a white marble altar of Elyvilon.
  1569 | D:3      | Reached XP level 4. HP: 34/34 MP: 8/8
  1606 | D:3      | Found Vaisuk's Magic Scroll Shop.
  1623 | D:3      | Quit the game

Illustrated notes

Levels and vault maps discovered:
D:1:      minmay_arrival_stair_chambers, layout_basic, basic_ecumenical_altar
D:2:      layout_rooms
D:3:      layout_basic, dreamdust_divine_triumvirate,
          nicolae_dithmenos_the_darkroom, serial_shops, shop_coins

Skill      XL: |  1  2  3 |
---------------+----------+-----
Invocations    | 1 |  1.1
Short Blades   | 1 |  1.0
Long Blades    | 1 |  1.0
Axes           | 1 |  1.0
Maces & Flails | 1 |  1.0
Polearms       | 1 |  1.0
Staves         | 1 |  1.0
Throwing       | 1 |  1.0
Armour         | 1 |  1.0
Stealth        | 1 |  1.0
Shields        | 1 |  1.0
Unarmed Combat | 1 |  1.0
Evocations     | 1 |  1.0
Fighting       | |  2.7
Ranged Weapons | |  4.6
Dodging        | |  4.6
Spellcasting   | |  2.9
Conjurations   | |  0.8
Hexes          | |  5.4
Summonings     | |  0.8
Necromancy     | |  0.8
Translocations | |  0.8
Transmutations | |  0.8
Fire Magic     | |  0.8
Ice Magic      | |  0.8
Air Magic      | |  0.8
Earth Magic    | |  0.8
Poison Magic   | |  0.8

Action                     |  1- 3 |  4- 6 || total
---------------------------+-------+-------++-------
   Fire: Sling             |   155 |     3 ||   158
   Cast: Slow              |     6 |       ||     6
 Armour: Robe              |     3 |       ||     3
         Chain mail        |    91 |       ||    91
  Dodge: Dodged            |    28 |       ||    28
  Block: Buckler           |    19 |       ||    19

Table legend: (Time is in decaauts)
 A = Elapsed time spent in this place.
 B = Non-inter-level travel time spent in this place.
 C = Inter-level travel time spent in this place.
 D = Time resting spent in this place.
 E = Time spent auto-exploring this place.
 F = Levels seen in this place.
 G = Mean time per level.
                   A        B        C        D        E       F      G
               +--------+--------+--------+--------+--------+-----+--------+
         Total |   1728 |   1713 |     15 |      0 |   1317 |   3 |  576.0 |
       Dungeon |   1728 |   1713 |     15 |      0 |   1317 |   3 |  576.0 |
               +--------+--------+--------+--------+--------+-----+--------+

Top non-repeatable levels by time:
     D:1: 851 daAuts
     D:2: 552 daAuts
     D:3: 324 daAuts
